Kings vs Rangers
(R1)
Created - 8 avril 2015 at 23:08
Goals
|
| Kings |
0 |
0 |
3 |
3 |
| Rangers |
2 |
1 |
1 |
4 |
|
Shots
|
| Kings |
7 |
10 |
15 |
32 |
| Rangers |
10 |
13 |
13 |
36 |
|
1st period
1. Rangers , Johan Franzen 19 (Brad Richards, Milan Lucic) at 10:18
2. Rangers , Brad Richards 36 (Ryan Whitney, Cam Barker) at 19:52 (PP)
Penalties :
Drew Stafford (NYR) for Roughing (Minor) at 12:42, Steve Ott (LAK) for Holding (Minor) at 19:39
2nd period
3. Rangers , Patrice Bergeron 29 (Mark Fistric, Mike Cammalleri) at 0:36
Penalties :
Brad Richards (NYR) for Hooking (Minor) at 1:31, Milan Lucic (NYR) for Diving (Minor) at 9:51, Marc-Édouard Vlasic (LAK) for Unsportsmanlike conduct (Major / Game Misconduct) at 11:43, Cam Barker (NYR) for Hooking (Minor) at 15:41
3rd period
4. Rangers , Brad Richards 37 (Milan Lucic) at 1:02 (PP)
5. Kings , Mikkel Boedker 23 (Jordan Eberle) at 5:16
6. Kings , Jordan Eberle 16 (Mikkel Boedker, Dana Tyrell) at 10:56
7. Kings , Dana Tyrell 2 (Andy Rogers, Anze Kopitar) at 12:23 (PP)
Penalties :
Anze Kopitar (LAK) for Roughing (Minor) at 0:48, Nathan Dempsey (LAK) for Holding (Minor) at 2:32, Patrice Bergeron (NYR) for Tripping (Minor) at 10:59, Patrice Bergeron (NYR) for Holding (Minor) at 14:56, Steve Ott (LAK) for Hooking (Minor) at 17:27
Goalie Stats
Antti Niemi (LAK), 32 saves from 36 shots - (0,889), L, 31-20-9, 59:54 minutes
Henrik Lundqvist (NYR), 29 saves from 32 shots - (0,906), W, 23-31-7, 60:00 minutes
Players Stats for Kings
Player Name G A P +/- PIM S H SB GA TA FO MP PP MP PK MP
------------------------------------------------------------------------------------
Andy Rogers 0 1 1 -1 0 1 0 2 1 1 0/0 23:57 3:59 3:50
Anze Kopitar 0 1 1 -1 2 4 4 0 0 0 16/44 23:55 5:54 3:25
Blake Wheeler 0 0 0 -1 0 3 2 0 0 2 0/1 17:12 4:17 0:00
Chris Pronger 0 0 0 0 0 0 1 2 0 1 0/0 19:27 2:03 4:40
Dana Tyrell 1 1 2 1 0 2 2 0 0 0 6/17 19:17 4:17 0:26
James Neal 0 0 0 -1 0 3 1 0 1 0 0/0 19:41 4:17 1:08
Jonas Hoglund 0 0 0 0 0 2 1 0 0 1 1/1 9:30 0:00 4:46
Jordan Eberle 1 1 2 1 0 2 2 0 0 0 0/2 20:39 5:54 0:00
Marc-Édouard Vlasic 0 0 0 -1 15 1 0 0 1 0 0/0 11:44 2:31 0:00
Maxim Talbot 0 0 0 0 0 0 1 0 0 0 2/5 7:56 0:00 0:00
Michel Ouellet 0 0 0 0 0 1 0 0 0 0 1/2 7:37 0:00 0:00
Mike Green 0 0 0 1 0 1 0 1 2 0 0/0 24:44 5:36 1:09
Mikkel Boedker 1 1 2 1 0 3 4 1 1 1 1/2 21:45 5:54 0:17
Nathan Dempsey 0 0 0 1 2 0 1 3 0 1 0/0 14:53 0:00 3:14
Pernell Karl Subban 0 0 0 0 0 4 2 1 0 2 0/0 25:34 6:12 3:39
Randy Robitaille 0 0 0 0 0 1 0 0 0 0 1/3 6:33 0:00 1:49
Sean Avery 0 0 0 0 0 1 0 0 0 0 0/0 1:58 0:00 1:49
Steve Ott 0 0 0 0 4 3 0 0 0 1 2/4 14:09 0:00 2:52
Players Stats for Rangers
Player Name G A P +/- PIM S H SB GA TA FO MP PP MP PK MP
------------------------------------------------------------------------------------
Alexandre Burrows 0 0 0 0 0 7 2 0 0 0 1/1 12:48 1:28 2:10
Alexei Emelin 0 0 0 0 0 0 0 0 0 0 0/0 3:45 0:00 0:00
Brad Richards 2 1 3 0 2 7 2 1 1 1 21/34 25:19 4:42 4:38
Cam Barker 0 1 1 -1 2 3 3 4 1 0 0/0 31:11 5:46 5:20
Drew Stafford 0 0 0 1 2 0 3 1 1 0 1/1 15:07 2:54 0:00
Johan Franzen 1 0 1 0 0 3 0 0 0 0 0/0 19:02 4:14 0:00
Kimmo Timonen 0 0 0 2 0 0 2 5 0 0 0/0 20:09 2:29 4:29
Mark Fistric 0 1 1 2 0 0 0 1 0 2 0/0 20:09 2:29 4:29
Matt Greene 0 0 0 -1 0 0 0 0 0 0 0/0 8:05 0:00 0:00
Matt Read 0 0 0 0 0 3 1 0 0 0 0/0 9:02 0:27 0:00
Mike Cammalleri 0 1 1 1 0 1 0 2 0 0 2/3 18:05 2:54 2:30
Milan Lucic 0 2 2 -1 2 5 2 2 3 2 9/13 28:16 4:48 4:37
Nathan Gerbe 0 0 0 -1 0 0 1 0 1 0 0/0 4:23 0:00 0:00
Patrice Bergeron 1 0 1 1 4 3 3 1 2 0 11/15 18:03 2:54 2:42
Radek Bonk 0 0 0 0 0 1 1 0 0 0 5/11 10:16 0:27 0:36
Ryan Whitney 0 1 1 -1 0 3 0 2 1 1 0/0 28:28 5:47 5:42
Staffan Kronwall 0 0 0 -1 0 0 0 0 0 0 0/0 8:39 0:00 0:22
Valtteri Filppula 0 0 0 -1 0 0 0 0 0 0 1/3 7:48 0:00 3:09
3 Stars
1 - Brad Richards (NYR)
2 - Mikkel Boedker (LAK)
3 - Jordan Eberle (LAK)
Power Play
Kings - 1 on 6 Attempt(s) - 16,67%
Rangers - 2 on 5 Attempt(s) - 40,00%
Penalty Kill
Kings - 3 on 5 Attempt(s) - 60,00%
- Score 0 goal in Penalty Kill
Rangers - 5 on 6 Attempt(s) - 83,33%
- Score 0 goal in Penalty Kill
Team Stat
Kings - Hits : 21 - Faceoff Wins : 30 - Blocked Shots : 10 - Penalty Minutes : 23
Rangers - Hits : 20 - Faceoff Wins : 51 - Blocked Shots : 19 - Penalty Minutes : 12
Official
Referees : Walsh Ian and Rehman Kyle
Linesman : Brad Kovachik and Mike Cvik
Game Notes
Marc-Édouard Vlasic ejected from game at 11:43 of 2nd period
Marc-Édouard Vlasic from Kings is suspended for 4 game(s)
17:18 of 2nd period - Kings goal is going for a video replay. After video review, No Goal. The puck has entered the net after making contact with an attacking player’s stick that is above the height of the crossbar.
Finance
Level 1 -- Attendance: 4612 (76,87%) -- Ticket Income 415 080 $
Level 2 -- Attendance: 3418 (68,36%) -- Ticket Income 187 990 $
Level 3 -- Attendance: 1878 (93,90%) -- Ticket Income 56 340 $
Level 4 -- Attendance: 3803 (95,08%) -- Ticket Income 76 060 $
Luxury Box -- Attendance: 690 (69,00%) -- Ticket Income 120 750 $
Game was played at the Madison Square Garden'
Total Attendance: 14401 (80,01%)
Total Ticket Income: 856 220 $
Other Income: 128 433 $
Total Income: 984 653 $
Kings
5 vs 5 Forward
Center Left Wing Right Wing Time % Phy DF OF
1 Anze Kopitar James Neal Blake Wheeler 40 1 2 2
2 Dana Tyrell Mikkel Boedker Jordan Eberle 40 1 2 2
3 Maxim Talbot Steve Ott Michel Ouellet 15 1 2 2
4 Randy Robitaille Steve Ott Jonas Hoglund 5 5 0 0
5 vs 5 Defense
Defense Defense Time % Phy DF OF
1 Pernell Karl Subban Mike Green 35 0 3 2
2 Andy Rogers Marc-Édouard Vlasic 35 0 3 2
3 Chris Pronger Nathan Dempsey 25 0 0 5
4 Pernell Karl Subban Mike Green 5 0 3 2
PowerPlay Forward
Center Left Wing Right Wing Time % Phy DF OF
1 Anze Kopitar Mikkel Boedker Jordan Eberle 60 0 1 4
2 Dana Tyrell James Neal Blake Wheeler 40 0 1 4
PowerPlay Defense
Defense Defense Time % Phy DF OF
1 Pernell Karl Subban Mike Green 60 0 2 3
2 Andy Rogers Marc-Édouard Vlasic 40 0 2 3
Penalty Kill 4 Players Forward
Center Wing Time % Phy DF OF
1 Steve Ott Jonas Hoglund 60 0 0 5
2 Randy Robitaille Sean Avery 40 0 0 5
Penalty Kill 4 Players Defense
Defense Defense Time % Phy DF OF
1 Chris Pronger Nathan Dempsey 60 0 0 5
2 Marc-Édouard Vlasic Andy Rogers 40 0 0 5
Penalty Kill - 3 Players Forward
Forward Time % Phy DF OF
1 Jonas Hoglund 60 5 0 0
2 Sean Avery 40 5 0 0
Penalty Kill - 3 Players Defense
Defense Defense Time % Phy DF OF
1 Nathan Dempsey Chris Pronger 60 5 0 0
2 Marc-Édouard Vlasic Andy Rogers 40 5 0 0
4 vs 4 Forward
Center Wing Time % Phy DF OF
1 Anze Kopitar Mikkel Boedker 60 1 2 2
2 Maxim Talbot James Neal 40 1 2 2
4 vs 4 Defense
Defense Defense Time % Phy DF OF
1 Andy Rogers Mike Green 60 1 2 2
2 Pernell Karl Subban Marc-Édouard Vlasic 40 1 2 2
Last Minutes Offensive
Center Left Wing Right Wing Defense Defense
Anze Kopitar Mikkel Boedker Jordan Eberle Marc-Édouard Vlasic Mike Green
Last Minutes Defensive
Center Left Wing Right Wing Defense Defense
Randy Robitaille Steve Ott Blake Wheeler Andy Rogers Mike Green
Goaltenders
Starting : Antti Niemi
Backup : Richard Bachman
Extra Forwards
Normal : Anze Kopitar, Mikkel Boedker, Jordan Eberle - PP : Maxim Talbot, Michel Ouellet - PK : Anze Kopitar
Extra Defensemen
Normal : Mike Green, Marc-Édouard Vlasic, Pernell Karl Subban - PP : Chris Pronger - PK : Marc-Édouard Vlasic, Pernell Karl Subban
Penalty Shots
Anze Kopitar, Mike Green, Mikkel Boedker, James Neal, Jonas Hoglund
Rangers
5 vs 5 Forward
Center Left Wing Right Wing Time % Phy DF OF
1 Brad Richards Milan Lucic Johan Franzen 40 1 2 2
2 Patrice Bergeron Mike Cammalleri Drew Stafford 30 1 2 2
3 Radek Bonk Alexandre Burrows Matt Read 20 1 2 2
4 Valtteri Filppula Nathan Gerbe Milan Lucic 10 1 2 2
5 vs 5 Defense
Defense Defense Time % Phy DF OF
1 Cam Barker Ryan Whitney 40 1 2 2
2 Kimmo Timonen Mark Fistric 30 1 2 2
3 Matt Greene Staffan Kronwall 20 1 2 2
4 Alexei Emelin Cam Barker 10 1 2 2
PowerPlay Forward
Center Left Wing Right Wing Time % Phy DF OF
1 Brad Richards Milan Lucic Johan Franzen 60 1 2 2
2 Patrice Bergeron Mike Cammalleri Drew Stafford 40 1 2 2
PowerPlay Defense
Defense Defense Time % Phy DF OF
1 Cam Barker Ryan Whitney 60 1 2 2
2 Kimmo Timonen Mark Fistric 40 1 2 2
Penalty Kill 4 Players Forward
Center Wing Time % Phy DF OF
1 Milan Lucic Brad Richards 60 1 2 2
2 Patrice Bergeron Mike Cammalleri 40 1 2 2
Penalty Kill 4 Players Defense
Defense Defense Time % Phy DF OF
1 Cam Barker Ryan Whitney 60 1 2 2
2 Kimmo Timonen Mark Fistric 40 1 2 2
Penalty Kill - 3 Players Forward
Forward Time % Phy DF OF
1 Milan Lucic 60 1 2 2
2 Brad Richards 40 1 2 2
Penalty Kill - 3 Players Defense
Defense Defense Time % Phy DF OF
1 Cam Barker Ryan Whitney 60 1 2 2
2 Kimmo Timonen Mark Fistric 40 1 2 2
4 vs 4 Forward
Center Wing Time % Phy DF OF
1 Milan Lucic Brad Richards 60 1 2 2
2 Patrice Bergeron Mike Cammalleri 40 1 2 2
4 vs 4 Defense
Defense Defense Time % Phy DF OF
1 Cam Barker Ryan Whitney 60 1 2 2
2 Kimmo Timonen Mark Fistric 40 1 2 2
Last Minutes Offensive
Center Left Wing Right Wing Defense Defense
Brad Richards Milan Lucic Johan Franzen Cam Barker Ryan Whitney
Last Minutes Defensive
Center Left Wing Right Wing Defense Defense
Brad Richards Milan Lucic Johan Franzen Cam Barker Ryan Whitney
Goaltenders
Starting : Henrik Lundqvist
Backup : Hannu Toivonen
Extra Forwards
Normal : Alexandre Burrows, Radek Bonk, Valtteri Filppula - PP : Alexandre Burrows, Radek Bonk - PK : Valtteri Filppula
Extra Defensemen
Normal : Matt Greene, Staffan Kronwall, Alexei Emelin - PP : Matt Greene - PK : Staffan Kronwall, Alexei Emelin
Penalty Shots
Milan Lucic, Brad Richards, Patrice Bergeron, Mike Cammalleri, Johan Franzen
% Time on Ice - Kings
Lines # - Real PCT - Wanted PCT - Time Play
Normal Forward
1 - 34% - 40% - 13:33
2 - 35% - 40% - 14:01
3 - 19% - 15% - 7:37
4 - 12% - 5% - 4:44
Normal Defense
1 - 34% - 35% - 13:27
2 - 36% - 35% - 14:29
3 - 28% - 25% - 11:18
4 - 2% - 5% - 0:41
PP Forward
1 - 58% - 60% - 5:54
2 - 42% - 40% - 4:17
PP Defense
1 - 55% - 60% - 5:36
2 - 45% - 40% - 4:35
PK Forward
1 - 78% - 60% - 6:27
2 - 22% - 40% - 1:49
PK Defense
1 - 61% - 60% - 5:01
2 - 39% - 40% - 3:15
PK3 Forward
1 - 0% - 60%
2 - 0% - 40%
PK3 Defense
1 - 0% - 60%
2 - 0% - 40%
44 Forward
1 - 72% - 60% - 0:49
2 - 28% - 40% - 0:19
44 Defense
1 - 88% - 60% - 1:00
2 - 12% - 40% - 0:08
Last Minute Offensive - 0:30
Last Minute Defensive - 0:00
Total
Forward - 60:00
Defense - 60:00
|
% Time on Ice - Rangers
Lines # - Real PCT - Wanted PCT - Time Play
Normal Forward
1 - 37% - 40% - 14:43
2 - 31% - 30% - 12:13
3 - 22% - 20% - 8:35
4 - 11% - 10% - 4:23
Normal Defense
1 - 41% - 40% - 16:25
2 - 30% - 30% - 12:06
3 - 19% - 20% - 7:38
4 - 9% - 10% - 3:45
PP Forward
1 - 65% - 60% - 5:22
2 - 35% - 40% - 2:54
PP Defense
1 - 70% - 60% - 5:47
2 - 30% - 40% - 2:29
PK Forward
1 - 76% - 60% - 7:42
2 - 24% - 40% - 2:29
PK Defense
1 - 56% - 60% - 5:42
2 - 44% - 40% - 4:29
PK3 Forward
1 - 0% - 60%
2 - 0% - 40%
PK3 Defense
1 - 0% - 60%
2 - 0% - 40%
44 Forward
1 - 96% - 60% - 1:05
2 - 4% - 40% - 0:03
44 Defense
1 - 50% - 60% - 0:34
2 - 50% - 40% - 0:34
Last Minute Offensive - 0:00
Last Minute Defensive - 0:31
Total
Forward - 60:00
Defense - 60:00
|
Play by Play
1st period
0:01 of 1st period - Brad Richards wins face-off versus Anze Kopitar in neutral zone.
0:03 of 1st period - Off-side.
0:04 of 1st period - Brad Richards wins face-off versus Anze Kopitar in neutral zone.
0:27 of 1st period - Brad Richards is hit by Anze Kopitar.
0:44 of 1st period - Snap shot by Milan Lucic.
0:44 of 1st period - Shot Misses the Net.
0:46 of 1st period - Snap shot by Milan Lucic.
0:46 of 1st period - Deflect By Mike Green.
0:46 of 1st period - Shot Misses the Net.
0:46 of 1st period - Puck is out of play.
0:47 of 1st period - Dana Tyrell wins face-off versus Patrice Bergeron in Kings zone.
1:12 of 1st period - Andy Rogers is hit by Kimmo Timonen and loses puck.
1:39 of 1st period - Snap shot by Mikkel Boedker.
1:39 of 1st period - Shot Misses the Net.
1:50 of 1st period - Icing by Chris Pronger.
1:51 of 1st period - Randy Robitaille wins face-off versus Patrice Bergeron in Kings zone.
1:51 of 1st period - Randy Robitaille is hit by Cam Barker.
2:15 of 1st period - Mikkel Boedker is hit by Cam Barker and loses puck.
2:44 of 1st period - Blake Wheeler is hit by Milan Lucic and loses puck.
3:15 of 1st period - Wrist shot by Jordan Eberle.
3:15 of 1st period - Deflect By Mikkel Boedker.
3:15 of 1st period - Shot Blocked by Ryan Whitney.
3:15 of 1st period - Puck is out of play.
3:16 of 1st period - Dana Tyrell wins face-off versus Valtteri Filppula in Rangers zone.
3:45 of 1st period - Snap shot by Blake Wheeler.
3:45 of 1st period - Stopped by Henrik Lundqvist with a rebound.
4:13 of 1st period - Maxim Talbot is hit by Patrice Bergeron and loses puck.
4:26 of 1st period - Mikkel Boedker is hit by Brad Richards and loses puck.
4:35 of 1st period - Wrist shot by Milan Lucic.
4:35 of 1st period - Stopped by Antti Niemi without a rebound.
4:36 of 1st period - Anze Kopitar wins face-off versus Radek Bonk in Kings zone.
4:43 of 1st period - Snap shot by James Neal.
4:43 of 1st period - Shot Misses the Net.
5:52 of 1st period - Slapshot by Mikkel Boedker.
5:52 of 1st period - Shot Blocked by Kimmo Timonen.
5:54 of 1st period - Slapshot by Pernell Karl Subban.
5:54 of 1st period - Shot Blocked by Kimmo Timonen.
7:18 of 1st period - Snap shot by Mike Cammalleri.
7:18 of 1st period - Shot Misses the Net.
7:24 of 1st period - Patrice Bergeron is hit by Anze Kopitar and loses puck.
7:39 of 1st period - Wrist shot by Alexandre Burrows.
7:39 of 1st period - Stopped by Antti Niemi without a rebound.
7:40 of 1st period - Radek Bonk wins face-off versus Maxim Talbot in Kings zone.
8:05 of 1st period - Cam Barker is hit by Dana Tyrell and loses puck.
8:26 of 1st period - Snap shot by Patrice Bergeron.
8:26 of 1st period - Stopped by Antti Niemi with a rebound.
8:28 of 1st period - Backhand shot by Drew Stafford.
8:28 of 1st period - Shot Blocked by Nathan Dempsey.
8:52 of 1st period - Snap shot by Alexandre Burrows.
8:52 of 1st period - Stopped by Antti Niemi with a rebound.
9:13 of 1st period - Michel Ouellet is hit by Drew Stafford and loses puck.
10:10 of 1st period - Icing by Drew Stafford.
10:11 of 1st period - Patrice Bergeron wins face-off versus Anze Kopitar in Rangers zone.
10:18 of 1st period - Snap shot by Brad Richards.
10:18 of 1st period - Deflect By Johan Franzen.
10:18 of 1st period - Goal by Johan Franzen - Kings : 0 - Rangers : 1.
10:19 of 1st period - Anze Kopitar wins face-off versus Brad Richards in neutral zone.
10:24 of 1st period - Backhand shot by Blake Wheeler.
10:24 of 1st period - Stopped by Henrik Lundqvist with a rebound.
10:44 of 1st period - Mark Fistric is hit by Jordan Eberle.
11:28 of 1st period - Wrist shot by Alexandre Burrows.
11:28 of 1st period - Stopped by Antti Niemi without a rebound.
11:29 of 1st period - Anze Kopitar wins face-off versus Radek Bonk in Kings zone.
11:29 of 1st period - Anze Kopitar is hit by Matt Read.
11:43 of 1st period - Slapshot by Matt Read.
11:43 of 1st period - Stopped by Antti Niemi with a rebound.
11:54 of 1st period - Icing by Radek Bonk.
11:55 of 1st period - Maxim Talbot wins face-off versus Brad Richards in Rangers zone.
12:00 of 1st period - Slapshot by Mike Green.
12:00 of 1st period - Shot Misses the Net.
12:02 of 1st period - Slapshot by Maxim Talbot.
12:02 of 1st period - Deflect By Steve Ott.
12:02 of 1st period - Stopped by Henrik Lundqvist with a rebound.
12:04 of 1st period - Snap shot by Pernell Karl Subban.
12:04 of 1st period - Stopped by Henrik Lundqvist with a rebound.
12:06 of 1st period - Slapshot by Pernell Karl Subban.
12:06 of 1st period - Stopped by Henrik Lundqvist without a rebound.
12:07 of 1st period - Brad Richards wins face-off versus Anze Kopitar in Rangers zone.
12:07 of 1st period - Brad Richards is hit by Anze Kopitar.
12:32 of 1st period - Cam Barker is hit by Mikkel Boedker and loses puck.
12:42 of 1st period - Minor Penalty to Drew Stafford for Roughing.
12:43 of 1st period - Milan Lucic wins face-off versus Anze Kopitar in Rangers zone.
13:16 of 1st period - Slapshot by Blake Wheeler.
13:16 of 1st period - Shot Blocked by Cam Barker.
13:18 of 1st period - Snap shot by James Neal.
13:18 of 1st period - Shot Blocked by Cam Barker.
13:20 of 1st period - Slapshot by Blake Wheeler.
13:20 of 1st period - Shot Blocked by Cam Barker.
13:22 of 1st period - Snap shot by Dana Tyrell.
13:22 of 1st period - Stopped by Henrik Lundqvist without a rebound.
13:23 of 1st period - Anze Kopitar wins face-off versus Milan Lucic in Rangers zone.
14:42 of 1st period - Penalty to Drew Stafford is over, Drew Stafford is back on ice.
14:42 of 1st period - Anze Kopitar is hit by Cam Barker and loses puck.
14:49 of 1st period - Cam Barker is hit by Nathan Dempsey and loses puck.
16:42 of 1st period - Staffan Kronwall is hit by Pernell Karl Subban.
17:59 of 1st period - Marc-Édouard Vlasic is hit by Nathan Gerbe and loses puck.
18:15 of 1st period - Icing by Andy Rogers.
18:16 of 1st period - Radek Bonk wins face-off versus Randy Robitaille in Kings zone.
18:23 of 1st period - Slapshot by Marc-Édouard Vlasic.
18:23 of 1st period - Stopped by Henrik Lundqvist without a rebound.
18:24 of 1st period - Radek Bonk wins face-off versus Anze Kopitar in Rangers zone.
18:33 of 1st period - Wrist shot by Alexandre Burrows.
18:33 of 1st period - Stopped by Antti Niemi with a rebound.
18:35 of 1st period - Snap shot by Radek Bonk.
18:35 of 1st period - Shot Misses the Net.
18:37 of 1st period - Snap shot by Alexandre Burrows.
18:37 of 1st period - Shot Blocked by Pernell Karl Subban.
18:39 of 1st period - Wrist shot by Alexandre Burrows.
18:39 of 1st period - Stopped by Antti Niemi with a rebound.
18:58 of 1st period - Milan Lucic is hit by Jordan Eberle and loses puck.
19:12 of 1st period - Off-side.
19:13 of 1st period - Mike Cammalleri wins face-off versus Maxim Talbot in neutral zone.
19:39 of 1st period - Minor Penalty to Steve Ott for Holding.
19:40 of 1st period - Anze Kopitar wins face-off versus Brad Richards in Kings zone.
19:52 of 1st period - Snap shot by Brad Richards.
19:52 of 1st period - Goal by Brad Richards - Kings : 0 - Rangers : 2.
19:53 of 1st period - Brad Richards wins face-off versus Anze Kopitar in neutral zone.
Goals for this period are 0 for Kings vs 2 for Rangers.
Shots for this period are 7 for Kings vs 10 for Rangers.
2nd period
0:01 of 2nd period - Brad Richards wins face-off versus Anze Kopitar in neutral zone.
0:12 of 2nd period - Slapshot by Blake Wheeler.
0:12 of 2nd period - Shot Misses the Net.
0:28 of 2nd period - Snap shot by Cam Barker.
0:28 of 2nd period - Shot Blocked by Mike Green.
0:30 of 2nd period - Snap shot by Patrice Bergeron.
0:30 of 2nd period - Shot Blocked by Mikkel Boedker.
0:32 of 2nd period - Wrist shot by Ryan Whitney.
0:32 of 2nd period - Stopped by Antti Niemi without a rebound.
0:33 of 2nd period - Patrice Bergeron wins face-off versus Dana Tyrell in Kings zone.
0:34 of 2nd period - Wrist shot by Mike Cammalleri.
0:34 of 2nd period - Stopped by Antti Niemi with a rebound.
0:36 of 2nd period - Slapshot by Mark Fistric.
0:36 of 2nd period - Deflect By Patrice Bergeron.
0:36 of 2nd period - Goal by Patrice Bergeron - Kings : 0 - Rangers : 3.
0:37 of 2nd period - Mikkel Boedker wins face-off versus Milan Lucic in neutral zone.
1:04 of 2nd period - Icing by James Neal.
1:05 of 2nd period - Patrice Bergeron wins face-off versus Anze Kopitar in Kings zone.
1:16 of 2nd period - Slapshot by Blake Wheeler.
1:16 of 2nd period - Stopped by Henrik Lundqvist with a rebound.
1:18 of 2nd period - Slapshot by Mike Green.
1:18 of 2nd period - Shot Blocked by Kimmo Timonen.
1:20 of 2nd period - Wrist shot by James Neal.
1:20 of 2nd period - Stopped by Henrik Lundqvist with a rebound.
1:22 of 2nd period - Snap shot by James Neal.
1:22 of 2nd period - Shot Blocked by Mike Cammalleri.
1:24 of 2nd period - Snap shot by Blake Wheeler.
1:24 of 2nd period - Shot Blocked by Mike Cammalleri.
1:26 of 2nd period - Snap shot by Pernell Karl Subban.
1:26 of 2nd period - Stopped by Henrik Lundqvist without a rebound.
1:27 of 2nd period - Dana Tyrell wins face-off versus Brad Richards in Rangers zone.
1:28 of 2nd period - Snap shot by Jordan Eberle.
1:28 of 2nd period - Stopped by Henrik Lundqvist without a rebound.
1:29 of 2nd period - Brad Richards wins face-off versus Dana Tyrell in Rangers zone.
1:31 of 2nd period - Minor Penalty to Brad Richards for Hooking.
1:32 of 2nd period - Milan Lucic wins face-off versus Anze Kopitar in Rangers zone.
2:07 of 2nd period - Kimmo Timonen is hit by James Neal and loses puck.
2:19 of 2nd period - Icing by Marc-Édouard Vlasic.
2:20 of 2nd period - Patrice Bergeron wins face-off versus Jordan Eberle in Kings zone.
2:29 of 2nd period - Mikkel Boedker is hit by Alexandre Burrows and loses puck.
2:50 of 2nd period - Snap shot by James Neal.
2:50 of 2nd period - Stopped by Henrik Lundqvist with a rebound.
3:31 of 2nd period - Penalty to Brad Richards is over, Brad Richards is back on ice.
3:40 of 2nd period - Wrist shot by Steve Ott.
3:40 of 2nd period - Shot Blocked by Ryan Whitney.
5:29 of 2nd period - Alexei Emelin is hit by Mikkel Boedker and loses puck.
5:42 of 2nd period - Jonas Hoglund is hit by Drew Stafford and loses puck.
5:57 of 2nd period - Slapshot by Marc-Édouard Vlasic.
5:57 of 2nd period - Shot Blocked by Cam Barker.
6:47 of 2nd period - Nathan Gerbe is hit by Mikkel Boedker and loses puck.
7:00 of 2nd period - Icing by Mark Fistric.
7:01 of 2nd period - Radek Bonk wins face-off versus Anze Kopitar in Rangers zone.
7:18 of 2nd period - Mark Fistric is hit by Maxim Talbot.
7:44 of 2nd period - Backhand shot by Mikkel Boedker.
7:44 of 2nd period - Deflect By Jordan Eberle.
7:44 of 2nd period - Shot Misses the Net.
7:44 of 2nd period - Puck is out of play.
7:45 of 2nd period - Dana Tyrell wins face-off versus Brad Richards in Rangers zone.
7:46 of 2nd period - Wrist shot by Mikkel Boedker.
7:46 of 2nd period - Stopped by Henrik Lundqvist without a rebound.
7:47 of 2nd period - Brad Richards wins face-off versus Dana Tyrell in Rangers zone.
8:42 of 2nd period - Snap shot by Alexandre Burrows.
8:42 of 2nd period - Stopped by Antti Niemi with a rebound.
9:04 of 2nd period - Off-side.
9:05 of 2nd period - Mike Cammalleri wins face-off versus Blake Wheeler in neutral zone.
9:20 of 2nd period - Pernell Karl Subban is hit by Patrice Bergeron and loses puck.
9:51 of 2nd period - Minor Penalty to Milan Lucic for Diving.
9:52 of 2nd period - Anze Kopitar wins face-off versus Valtteri Filppula in Rangers zone.
10:03 of 2nd period - Snap shot by Anze Kopitar.
10:03 of 2nd period - Shot Misses the Net.
11:30 of 2nd period - Icing by Pernell Karl Subban.
11:31 of 2nd period - Anze Kopitar wins face-off versus Radek Bonk in Kings zone.
11:43 of 2nd period - Major / Game Misconduct Penalty to Marc-Édouard Vlasic for Unsportsmanlike conduct.
11:43 of 2nd period - Marc-Édouard Vlasic is ejected from game.
11:44 of 2nd period - Alexandre Burrows wins face-off versus Anze Kopitar in Kings zone.
11:51 of 2nd period - Penalty to Milan Lucic is over, Milan Lucic is back on ice.
12:04 of 2nd period - Snap shot by Brad Richards.
12:04 of 2nd period - Shot Misses the Net.
12:31 of 2nd period - Off-side.
12:32 of 2nd period - Steve Ott wins face-off versus Mike Cammalleri in neutral zone.
12:45 of 2nd period - Snap shot by Drew Stafford.
12:45 of 2nd period - Shot Misses the Net.
12:57 of 2nd period - Wrist shot by Nathan Dempsey.
12:57 of 2nd period - Deflect By Sean Avery.
12:57 of 2nd period - Stopped by Henrik Lundqvist without a rebound.
12:58 of 2nd period - Brad Richards wins face-off versus Randy Robitaille in Rangers zone.
13:25 of 2nd period - Steve Ott is hit by Milan Lucic and loses puck.
15:28 of 2nd period - Andy Rogers is hit by Radek Bonk and loses puck.
15:33 of 2nd period - Slapshot by Alexandre Burrows.
15:33 of 2nd period - Stopped by Antti Niemi with a rebound.
15:41 of 2nd period - Minor Penalty to Cam Barker for Hooking.
15:42 of 2nd period - Milan Lucic wins face-off versus Anze Kopitar in Rangers zone.
15:47 of 2nd period - Snap shot by Milan Lucic.
15:47 of 2nd period - Stopped by Antti Niemi with a rebound.
15:49 of 2nd period - Slapshot by Matt Greene.
15:49 of 2nd period - Shot Misses the Net.
15:51 of 2nd period - Snap shot by Matt Greene.
15:51 of 2nd period - Shot Misses the Net.
16:34 of 2nd period - Mike Green is hit by Alexandre Burrows.
16:43 of 2nd period - Penalty to Marc-Édouard Vlasic is over, Jordan Eberle is send on ice.
17:14 of 2nd period - Snap shot by Anze Kopitar.
17:14 of 2nd period - Stopped by Henrik Lundqvist with a rebound.
17:16 of 2nd period - Backhand shot by Chris Pronger.
17:16 of 2nd period - Shot Blocked by Patrice Bergeron.
17:18 of 2nd period - Slapshot by Pernell Karl Subban.
17:18 of 2nd period - Kings goal is going for a video replay.
17:18 of 2nd period - The goal is refused. The puck has entered the net after making contact with an attacking player’s stick that is above the height of the crossbar..
17:19 of 2nd period - Dana Tyrell wins face-off versus Milan Lucic in Rangers zone.
17:20 of 2nd period - Snap shot by Blake Wheeler.
17:20 of 2nd period - Shot Misses the Net.
17:22 of 2nd period - Slapshot by Mike Green.
17:22 of 2nd period - Shot Misses the Net.
17:24 of 2nd period - Wrist shot by Blake Wheeler.
17:24 of 2nd period - Shot Blocked by Milan Lucic.
17:41 of 2nd period - Penalty to Cam Barker is over, Cam Barker is back on ice.
17:53 of 2nd period - Slapshot by Steve Ott.
17:53 of 2nd period - Shot Misses the Net.
18:13 of 2nd period - Slapshot by Ryan Whitney.
18:13 of 2nd period - Stopped by Antti Niemi with a rebound.
18:15 of 2nd period - Slapshot by Staffan Kronwall.
18:15 of 2nd period - Shot Blocked by Chris Pronger.
18:17 of 2nd period - Snap shot by Matt Read.
18:17 of 2nd period - Stopped by Antti Niemi with a rebound.
18:19 of 2nd period - Snap shot by Matt Read.
18:19 of 2nd period - Stopped by Antti Niemi without a rebound.
18:20 of 2nd period - Anze Kopitar wins face-off versus Brad Richards in Kings zone.
18:27 of 2nd period - Wrist shot by Blake Wheeler.
18:27 of 2nd period - Deflect By Anze Kopitar.
18:27 of 2nd period - Stopped by Henrik Lundqvist without a rebound.
18:28 of 2nd period - Brad Richards wins face-off versus Anze Kopitar in Rangers zone.
18:37 of 2nd period - Snap shot by Brad Richards.
18:37 of 2nd period - Stopped by Antti Niemi without a rebound.
18:38 of 2nd period - Brad Richards wins face-off versus Dana Tyrell in Kings zone.
18:47 of 2nd period - Wrist shot by Milan Lucic.
18:47 of 2nd period - Stopped by Antti Niemi without a rebound.
18:48 of 2nd period - Brad Richards wins face-off versus Dana Tyrell in Kings zone.
19:11 of 2nd period - Wrist shot by Brad Richards.
19:11 of 2nd period - Stopped by Antti Niemi with a rebound.
19:29 of 2nd period - Slapshot by Jordan Eberle.
19:29 of 2nd period - Shot Misses the Net.
19:46 of 2nd period - Slapshot by Ryan Whitney.
19:46 of 2nd period - Deflect By Mikkel Boedker.
19:46 of 2nd period - Stopped by Antti Niemi without a rebound.
19:47 of 2nd period - Patrice Bergeron wins face-off versus Anze Kopitar in Kings zone.
19:56 of 2nd period - Patrice Bergeron is hit by Blake Wheeler and loses puck.
Goals for this period are 0 for Kings vs 1 for Rangers.
Shots for this period are 10 for Kings vs 13 for Rangers.
3rd period
0:01 of 3rd period - Brad Richards wins face-off versus Anze Kopitar in neutral zone.
0:06 of 3rd period - Slapshot by Cam Barker.
0:06 of 3rd period - Stopped by Antti Niemi without a rebound.
0:07 of 3rd period - Anze Kopitar wins face-off versus Brad Richards in Kings zone.
0:17 of 3rd period - Wrist shot by Brad Richards.
0:17 of 3rd period - Shot Misses the Net.
0:19 of 3rd period - Wrist shot by Johan Franzen.
0:19 of 3rd period - Stopped by Antti Niemi without a rebound.
0:20 of 3rd period - Milan Lucic wins face-off versus Anze Kopitar in Kings zone.
0:48 of 3rd period - Minor Penalty to Anze Kopitar for Roughing.
0:49 of 3rd period - Brad Richards wins face-off versus Steve Ott in Kings zone.
0:52 of 3rd period - Wrist shot by Milan Lucic.
0:52 of 3rd period - Stopped by Antti Niemi without a rebound.
0:53 of 3rd period - Steve Ott wins face-off versus Brad Richards in Kings zone.
1:02 of 3rd period - Wrist shot by Brad Richards.
1:02 of 3rd period - Goal by Brad Richards - Kings : 0 - Rangers : 4.
1:03 of 3rd period - Anze Kopitar wins face-off versus Brad Richards in neutral zone.
1:28 of 3rd period - Mikkel Boedker is hit by Drew Stafford and loses puck.
2:19 of 3rd period - Wrist shot by Anze Kopitar.
2:19 of 3rd period - Shot Blocked by Mark Fistric.
2:32 of 3rd period - Minor Penalty to Nathan Dempsey for Holding.
2:33 of 3rd period - Brad Richards wins face-off versus Steve Ott in Kings zone.
2:47 of 3rd period - Johan Franzen is hit by Jonas Hoglund and loses puck.
3:13 of 3rd period - Pernell Karl Subban is hit by Patrice Bergeron and loses puck.
4:32 of 3rd period - Penalty to Nathan Dempsey is over, Nathan Dempsey is back on ice.
5:00 of 3rd period - Icing by Staffan Kronwall.
5:01 of 3rd period - Valtteri Filppula wins face-off versus Dana Tyrell in Rangers zone.
5:16 of 3rd period - Wrist shot by Mikkel Boedker.
5:16 of 3rd period - Goal by Mikkel Boedker - Kings : 1 - Rangers : 4.
5:17 of 3rd period - Patrice Bergeron wins face-off versus Dana Tyrell in neutral zone.
5:19 of 3rd period - Off-side.
5:20 of 3rd period - Patrice Bergeron wins face-off versus Jordan Eberle in neutral zone.
5:25 of 3rd period - Snap shot by Patrice Bergeron.
5:25 of 3rd period - Stopped by Antti Niemi without a rebound.
5:26 of 3rd period - Drew Stafford wins face-off versus Dana Tyrell in Kings zone.
5:31 of 3rd period - Wrist shot by Mike Cammalleri.
5:31 of 3rd period - Shot Misses the Net.
5:52 of 3rd period - Icing by Drew Stafford.
5:53 of 3rd period - Anze Kopitar wins face-off versus Patrice Bergeron in Rangers zone.
6:27 of 3rd period - Snap shot by Steve Ott.
6:27 of 3rd period - Shot Misses the Net.
6:29 of 3rd period - Wrist shot by Michel Ouellet.
6:29 of 3rd period - Shot Misses the Net.
6:41 of 3rd period - Mike Cammalleri is hit by Mikkel Boedker and loses puck.
6:48 of 3rd period - Slapshot by Mikkel Boedker.
6:48 of 3rd period - Shot Blocked by Kimmo Timonen.
6:58 of 3rd period - Kimmo Timonen is hit by Chris Pronger and loses puck.
7:14 of 3rd period - Johan Franzen is hit by Anze Kopitar and loses puck.
7:42 of 3rd period - Wrist shot by Brad Richards.
7:42 of 3rd period - Stopped by Antti Niemi without a rebound.
7:43 of 3rd period - Radek Bonk wins face-off versus Dana Tyrell in Kings zone.
7:46 of 3rd period - Slapshot by Radek Bonk.
7:46 of 3rd period - Stopped by Antti Niemi with a rebound.
7:48 of 3rd period - Wrist shot by Radek Bonk.
7:48 of 3rd period - Deflect By Mike Green.
7:48 of 3rd period - Shot Blocked by Andy Rogers.
7:48 of 3rd period - Puck is out of play.
7:49 of 3rd period - Dana Tyrell wins face-off versus Radek Bonk in Kings zone.
8:27 of 3rd period - Off-side.
8:28 of 3rd period - Anze Kopitar wins face-off versus Patrice Bergeron in neutral zone.
8:40 of 3rd period - Backhand shot by James Neal.
8:40 of 3rd period - Deflect By Anze Kopitar.
8:40 of 3rd period - Shot Misses the Net.
8:40 of 3rd period - Puck is out of play.
8:41 of 3rd period - Brad Richards wins face-off versus Dana Tyrell in Rangers zone.
8:41 of 3rd period - Brad Richards is hit by Dana Tyrell.
8:47 of 3rd period - Wrist shot by Milan Lucic.
8:47 of 3rd period - Shot Misses the Net.
9:09 of 3rd period - Wrist shot by James Neal.
9:09 of 3rd period - Stopped by Henrik Lundqvist with a rebound.
9:29 of 3rd period - Radek Bonk is hit by Pernell Karl Subban.
9:52 of 3rd period - Slapshot by Milan Lucic.
9:52 of 3rd period - Stopped by Antti Niemi without a rebound.
9:53 of 3rd period - Brad Richards wins face-off versus Dana Tyrell in Kings zone.
10:00 of 3rd period - Snap shot by Brad Richards.
10:00 of 3rd period - Shot Misses the Net.
10:16 of 3rd period - Slapshot by Kimmo Timonen.
10:16 of 3rd period - Shot Blocked by Chris Pronger.
10:18 of 3rd period - Slapshot by Brad Richards.
10:18 of 3rd period - Stopped by Antti Niemi with a rebound.
10:48 of 3rd period - Snap shot by Mikkel Boedker.
10:48 of 3rd period - Stopped by Henrik Lundqvist with a rebound.
10:56 of 3rd period - Snap shot by Jordan Eberle.
10:56 of 3rd period - Goal by Jordan Eberle - Kings : 2 - Rangers : 4.
10:57 of 3rd period - Patrice Bergeron wins face-off versus Anze Kopitar in neutral zone.
10:59 of 3rd period - Minor Penalty to Patrice Bergeron for Tripping.
11:00 of 3rd period - Milan Lucic wins face-off versus Mikkel Boedker in Rangers zone.
11:09 of 3rd period - Off-side.
11:10 of 3rd period - Milan Lucic wins face-off versus Anze Kopitar in neutral zone.
11:13 of 3rd period - Slapshot by Cam Barker.
11:13 of 3rd period - Stopped by Antti Niemi without a rebound.
11:14 of 3rd period - Milan Lucic wins face-off versus Anze Kopitar in Kings zone.
11:57 of 3rd period - Off-side.
11:58 of 3rd period - Milan Lucic wins face-off versus Anze Kopitar in neutral zone.
12:21 of 3rd period - Slapshot by Andy Rogers.
12:21 of 3rd period - Stopped by Henrik Lundqvist with a rebound.
12:23 of 3rd period - Wrist shot by Dana Tyrell.
12:23 of 3rd period - Goal by Dana Tyrell - Kings : 3 - Rangers : 4.
12:24 of 3rd period - Anze Kopitar wins face-off versus Brad Richards in neutral zone.
12:29 of 3rd period - Slapshot by Anze Kopitar.
12:29 of 3rd period - Stopped by Henrik Lundqvist with a rebound.
12:53 of 3rd period - Wrist shot by Maxim Talbot.
12:53 of 3rd period - Shot Misses the Net.
12:55 of 3rd period - Slapshot by Andy Rogers.
12:55 of 3rd period - Deflect By Maxim Talbot.
12:55 of 3rd period - Shot Blocked by Brad Richards.
12:55 of 3rd period - Puck is out of play.
12:56 of 3rd period - Patrice Bergeron wins face-off versus Maxim Talbot in Rangers zone.
13:11 of 3rd period - Wrist shot by Michel Ouellet.
13:11 of 3rd period - Stopped by Henrik Lundqvist without a rebound.
13:12 of 3rd period - Brad Richards wins face-off versus Anze Kopitar in Rangers zone.
13:17 of 3rd period - James Neal is hit by Brad Richards.
13:46 of 3rd period - Slapshot by Jordan Eberle.
13:46 of 3rd period - Shot Blocked by Drew Stafford.
14:01 of 3rd period - Chris Pronger is hit by Kimmo Timonen and loses puck.
14:06 of 3rd period - Snap shot by Jonas Hoglund.
14:06 of 3rd period - Stopped by Henrik Lundqvist without a rebound.
14:07 of 3rd period - Jonas Hoglund wins face-off versus Brad Richards in Rangers zone.
14:20 of 3rd period - Snap shot by Steve Ott.
14:20 of 3rd period - Stopped by Henrik Lundqvist with a rebound.
14:22 of 3rd period - Wrist shot by Mike Green.
14:22 of 3rd period - Shot Misses the Net.
14:26 of 3rd period - Slapshot by Mike Green.
14:26 of 3rd period - Shot Misses the Net.
14:28 of 3rd period - Snap shot by Randy Robitaille.
14:28 of 3rd period - Stopped by Henrik Lundqvist with a rebound.
14:30 of 3rd period - Slapshot by Steve Ott.
14:30 of 3rd period - Shot Misses the Net.
14:44 of 3rd period - Snap shot by Jonas Hoglund.
14:44 of 3rd period - Shot Misses the Net.
14:46 of 3rd period - Slapshot by Steve Ott.
14:46 of 3rd period - Shot Blocked by Milan Lucic.
14:48 of 3rd period - Slapshot by Andy Rogers.
14:48 of 3rd period - Shot Blocked by Kimmo Timonen.
14:50 of 3rd period - Snap shot by Mike Green.
14:50 of 3rd period - Deflect By Brad Richards.
14:50 of 3rd period - Stopped by Henrik Lundqvist with a rebound.
14:52 of 3rd period - Slapshot by Pernell Karl Subban.
14:52 of 3rd period - Deflect By Jonas Hoglund.
14:52 of 3rd period - Shot Misses the Net.
14:52 of 3rd period - Puck is out of play.
14:53 of 3rd period - Patrice Bergeron wins face-off versus Anze Kopitar in Rangers zone.
14:53 of 3rd period - Patrice Bergeron is hit by Blake Wheeler.
14:56 of 3rd period - Minor Penalty to Patrice Bergeron for Holding.
14:57 of 3rd period - Milan Lucic wins face-off versus Anze Kopitar in Rangers zone.
15:07 of 3rd period - Snap shot by Anze Kopitar.
15:07 of 3rd period - Stopped by Henrik Lundqvist without a rebound.
15:08 of 3rd period - Anze Kopitar wins face-off versus Milan Lucic in Rangers zone.
16:56 of 3rd period - Penalty to Patrice Bergeron is over, Patrice Bergeron is back on ice.
17:08 of 3rd period - Icing by Patrice Bergeron.
17:09 of 3rd period - Patrice Bergeron wins face-off versus Michel Ouellet in Rangers zone.
17:18 of 3rd period - Snap shot by Steve Ott.
17:18 of 3rd period - Stopped by Henrik Lundqvist without a rebound.
17:19 of 3rd period - Michel Ouellet wins face-off versus Radek Bonk in Rangers zone.
17:20 of 3rd period - Wrist shot by Steve Ott.
17:20 of 3rd period - Deflect By Radek Bonk.
17:20 of 3rd period - Shot Misses the Net.
17:20 of 3rd period - Puck is out of play.
17:21 of 3rd period - Maxim Talbot wins face-off versus Radek Bonk in Rangers zone.
17:27 of 3rd period - Minor Penalty to Steve Ott for Hooking.
17:28 of 3rd period - Brad Richards wins face-off versus Anze Kopitar in Kings zone.
17:31 of 3rd period - Snap shot by Brad Richards.
17:31 of 3rd period - Shot Blocked by Nathan Dempsey.
17:33 of 3rd period - Wrist shot by Johan Franzen.
17:33 of 3rd period - Stopped by Antti Niemi with a rebound.
17:35 of 3rd period - Slapshot by Cam Barker.
17:35 of 3rd period - Stopped by Antti Niemi without a rebound.
17:36 of 3rd period - Brad Richards wins face-off versus Anze Kopitar in Kings zone.
17:41 of 3rd period - Snap shot by Brad Richards.
17:41 of 3rd period - Stopped by Antti Niemi with a rebound.
17:45 of 3rd period - Snap shot by Milan Lucic.
17:45 of 3rd period - Deflect By Johan Franzen.
17:45 of 3rd period - Shot Misses the Net.
17:45 of 3rd period - Puck is out of play.
17:46 of 3rd period - Anze Kopitar wins face-off versus Brad Richards in Kings zone.
17:59 of 3rd period - Slapshot by Jonas Hoglund.
17:59 of 3rd period - Deflect By Anze Kopitar.
17:59 of 3rd period - Shot Misses the Net.
17:59 of 3rd period - Puck is out of play.
18:00 of 3rd period - Brad Richards wins face-off versus Anze Kopitar in Rangers zone.
18:11 of 3rd period - Snap shot by Anze Kopitar.
18:11 of 3rd period - Shot Misses the Net.
18:14 of 3rd period - Icing by Cam Barker.
18:15 of 3rd period - Anze Kopitar wins face-off versus Brad Richards in Rangers zone.
18:22 of 3rd period - Wrist shot by Jonas Hoglund.
18:22 of 3rd period - Stopped by Henrik Lundqvist without a rebound.
18:23 of 3rd period - Brad Richards wins face-off versus Anze Kopitar in Rangers zone.
18:30 of 3rd period - Snap shot by Milan Lucic.
18:30 of 3rd period - Shot Blocked by Nathan Dempsey.
18:32 of 3rd period - Snap shot by Brad Richards.
18:32 of 3rd period - Shot Misses the Net.
18:34 of 3rd period - Backhand shot by Milan Lucic.
18:34 of 3rd period - Shot Misses the Net.
18:36 of 3rd period - Slapshot by Cam Barker.
18:36 of 3rd period - Shot Misses the Net.
18:38 of 3rd period - Snap shot by Cam Barker.
18:38 of 3rd period - Shot Misses the Net.
19:07 of 3rd period - Snap shot by Ryan Whitney.
19:07 of 3rd period - Shot Blocked by Andy Rogers.
19:27 of 3rd period - Penalty to Steve Ott is over, Steve Ott is back on ice.
19:54 of 3rd period - Kings, Antti Niemi is pulled from the net.
Goals for this period are 3 for Kings vs 1 for Rangers.
Shots for this period are 15 for Kings vs 13 for Rangers.
Output by the SimonT Hockey Simulator (STHS) for François Prévost -- Original Page W3C XHTML 1.0 Valid